 Dungeon Crawl Stone Soup version 0.29.1-2-gbd0b4ee654 (webtiles) character file.

Game seed: 15701589328814229991

3559 Godmorgon the Zephyrmancer (level 10, -12/50 HPs)
             Began as a Tengu Air Elementalist on Oct 23, 2022.
             Was a Believer of Vehumet.
             Mangled by an elephant (14 damage)
             ... on level 1 of the Lair of Beasts.
             The game lasted 00:40:42 (12338 turns).

Godmorgon the Zephyrmancer (TeAE)                  Turns: 12338, Time: 00:40:42

Health: -12/50     AC:  2    Str:  8    XL:     10   Next: 9%
Magic:  8/21       EV: 14    Int: 21    God:    Vehumet [**....]
Gold:   537        SH:  0    Dex: 14    Spells: 15/22 levels left

rFire   + . .      SeeInvis .   a - +2 dagger (drain)
rCold   + . .      Faith    .   (no shield)
rNeg    . . .      Spirit   .   d - +0 robe
rPois   .          Reflect  .   (helmet restricted)
rElec   .          Harm     .   (no cloak)
rCorr   .          Rampage  .   (no gloves)
Will    .....                   (boots unavailable)
Stlth   ++........              (no amulet)
HPRegen 0.16/turn               h - ring of protection from fire
MPRegen 0.17/turn               y - ring of protection from cold

@: lethally poisoned (-12 -> -30), flying quickly and evasively, quick
A: beak, talons 3, nimble flight
a: Renounce Religion


You were on level 1 of the Lair of Beasts.
You worshipped Vehumet.
Vehumet was pleased with you.
You visited 3 branches of the dungeon, and saw 10 of its levels.
You also visited: Sewer.

You collected 537 gold pieces.

Inventory:

Hand Weapons
 a - a +2 dagger of draining (weapon)
Missiles
 i - 28 poisoned darts
 D - 2 curare-tipped darts (quivered)
Armour
 d - a +0 robe (worn)
Jewellery
 h - a ring of protection from fire (left hand)
 x - a ring of willpower
 y - a ring of protection from cold (right hand)
 z - a ring of protection from fire
Scrolls
 e - 3 scrolls of blinking
 f - a scroll of fear
 g - a scroll of magic mapping
 j - 2 scrolls of immolation
 k - 2 scrolls of poison
 o - a scroll of fog {unknown}
 u - 4 scrolls of teleportation
 A - a scroll of torment {unknown}
 B - 2 scrolls of silence {unknown}
Potions
 b - a potion of magic
 c - 2 potions of berserk rage
 l - a potion of ambrosia {unknown}
 n - 3 potions of curing
 p - 3 potions of invisibility {unknown}
 r - a potion of attraction {unknown}
 s - a potion of degeneration {unknown}
 t - 2 potions of cancellation
 v - 3 potions of brilliance
 w - 4 potions of heal wounds
 C - a potion of mutation {unknown}
 E - a potion of might
 F - 2 potions of lignification {unknown}


   Skills:
 - Level 2.1 Dodging
 - Level 2.0 Stealth
 + Level 6.7 Spellcasting
 + Level 9.3 Conjurations
 * Level 13.5 Air Magic


You had 15 spell levels left.
You knew the following spells:

 Your Spells              Type           Power      Damage    Failure   Level
a - Airstrike             Air            29%        2d(5-21)  1%          4
d - Static Discharge      Conj/Air       53%        3-10/arc  1%          2
s - Shock                 Conj/Air       100%       1d9       1%          1

Your spell library contained the following spells:

 Spells                   Type           Power      Damage    Failure   Level
 Searing Ray              Conj           92%        2d7       1%          2
 Swiftness                Air            59%        N/A       1%          3
 Inner Flame              Hex/Fire       7%         N/A       26%         3
 Ozocubu's Armour         Ice            7%         N/A       26%         3
 Portal Projectile        Hex/Tloc       14%        N/A       26%         3
 Tukima's Dance           Hex            7%         N/A       26%         3
 Cause Fear               Hex            3%         N/A       65%         4
 Passage of Golubria      Tloc           7%         N/A       65%         4
 Blade Hands              Tmut           3%         N/A       94%         5
 Yara's Violent Unravell  Hex/Tmut       3%         3d4       94%         5
 Ozocubu's Refrigeration  Ice            3%         4d8       100%        7
 Discord                  Hex            3%         N/A       100%        8


Dungeon Overview and Level Annotations

Branches:
Dungeon (8/15)             Temple (1/1) D:5            Lair (1/5) D:8
  Sewer (visited)

Altars:
Ashenzari
Dithmenos
Elyvilon
Fedhas
Gozag
Hepliaklqana
Kikubaaqudgha
Makhleb
Nemelex Xobeh
Qazlal
Ru
Sif Muna
Uskayaw
Vehumet
Wu Jian
Xom
Zin
The Shining One
Lugonu

Annotations:
D:6 3 runed translucent doors, warriortoast's ghost, novice DECj


Innate Abilities, Weirdness & Mutations

You have a beak for a mouth.
You have claws for feet.
Your magical nature lets you fly swiftly and evasively.


Message History

Casting: Shock (safe; 1% risk of failure)
Confirm with . or Enter, or press ? or * to list all spells.
The black mamba is struck by an arc of lightning!
The black mamba is moderately wounded.
You are struck by an arc of lightning.
The black mamba is struck by an arc of lightning.
The black mamba is heavily wounded.
The elephant is struck by an arc of lightning!
The elephant is moderately wounded.
The lightning grounds out.
The black mamba barely misses you.
A cane toad comes into view.
The black mamba barely misses you.
Press: ? - help, v - describe, . - travel
Here: an elephant (moderately wounded, very poisoned, slow)
The floor.
Unknown command.
Casting: Static Discharge (safe; 1% risk of failure)
Confirm with . or Enter, or press ? or * to list all spells.
The elephant is struck by an arc of lightning!
The elephant is heavily wounded.
You are struck by an arc of lightning.
The black mamba is struck by an arc of lightning!
The black mamba is severely wounded.
The lightning grounds out.
The black mamba is struck by an arc of lightning!
The black mamba is almost dead.
The elephant is struck by an arc of lightning.
The elephant is heavily wounded.
The lightning grounds out.
The cane toad croaks.
The elephant is no longer moving slowly.
The black mamba bites you! x2
A polar bear comes into view.
The black mamba bites you!
* * * LOW HITPOINT WARNING * * *
You are lethally poisoned!
The black mamba poisons you! The water moccasin bites you!
* * * LOW HITPOINT WARNING * * *
The elephant tramples you!
You die...

#[.. #((#
#Y.## #.
#YYF###.$.
#...#...
##.....
#.YSY#
#.Y@.#
#.....S.#
#.........#
..........#
..........P
...........#
###.#.......
#########.h


You could see 6 elephants, a polar bear (wandering), a black mamba, a cane toad
and a water moccasin.

Vanquished Creatures
  5 water moccasins (D:8)
  An ice beast (D:7)
  An acid dragon (D:8)
  A black bear (D:8)
  2 orc warriors
  4 sky beasts
  An ogre (D:6)
  A phantom (D:7)
  A centaur (D:7)
  2 kobold brigands (Sewer)
  2 necrophages
  4 bullfrogs
  2 scorpions (D:8)
  9 killer bees (D:8)
  A crimson imp (D:7)
  4 hounds
  A jelly (D:5)
  2 orc priests
  A gnoll bouda (D:7)
  3 iguanas
  Terence (D:2)
  7 orc wizards
  Robin (D:2)
  4 gnolls (D:7)
  9 adders
  5 shadow imps
  6 white imps
  A worm (D:4)
  4 dart slugs
  25 orcs
  7 ball pythons
  7 bats
  10 endoplasms
  5 giant cockroaches
  12 goblins
  10 hobgoblins
  6 jackals
  2 quokkas
  3 frilled lizards
  19 kobolds
  12 rats
204 creatures vanquished.

Vanquished Creatures (others)
  51 fungi (D:8)
  51 plants
102 creatures vanquished.

Grand Total: 306 creatures vanquished

Notes
Turn   | Place    | Note
-------+----------+-------------------------------------------
     0 | D:1      | Godmorgon the Tengu Air Elementalist began the quest for
                  | the Orb.
     0 | D:1      | Reached XP level 1. HP: 10/10 MP: 4/4
   372 | D:1      | Reached XP level 2. HP: 15/15 MP: 3/6
   375 | D:1      | Learned a level 2 spell: Static Discharge
  1319 | D:2      | Reached XP level 3. HP: 18/19 MP: 4/7
  1523 | D:2      | Reached skill level 5 in Air Magic
  1526 | D:2      | Noticed Robin
  1813 | D:2      | Killed Robin
  2031 | D:2      | Noticed Terence
  2046 | D:2      | Killed Terence
  2047 | D:2      | Reached XP level 4. HP: 14/24 MP: 0/9
  2595 | D:2      | Reached skill level 6 in Air Magic
  2595 | D:2      | Gained mutation: Your magical nature lets you fly swiftly
                  | and evasively. [Tengu growth]
  2595 | D:2      | Reached XP level 5. HP: 28/28 MP: 3/10
  3338 | D:3      | Found a broken altar of Ashenzari.
  3410 | D:3      | Found a faded altar of an unknown god.
  3526 | D:3      | Found a glowing drain.
  3713 | Sewer    | Entered a sewer
  3730 | Sewer    | Learned a level 4 spell: Airstrike
  3943 | Sewer    | Noticed a kobold brigand
  3943 | Sewer    | Noticed a kobold brigand
  3975 | Sewer    | Killed a kobold brigand
  3976 | Sewer    | Reached XP level 6. HP: 9/32 MP: 2/11
  4261 | Sewer    | Reached skill level 7 in Air Magic
  5742 | D:4      | Found a glowing golden altar of the Shining One.
  5968 | D:4      | Found a blossoming altar of Fedhas.
  6054 | D:4      | Found a shimmering blue altar of Sif Muna.
  6383 | D:4      | Reached XP level 7. HP: 35/36 MP: 5/13
  6691 | D:5      | Entered Level 5 of the Dungeon
  6698 | D:5      | Reached skill level 5 in Conjurations
  6698 | D:5      | Reached skill level 8 in Air Magic
  7030 | D:5      | Found a staircase to the Ecumenical Temple.
  7042 | Temple   | Entered the Ecumenical Temple
  7053 | Temple   | Became a worshipper of Vehumet
  7540 | D:6      | Found a runed translucent gate.
  7540 | D:6      | Found a runed translucent gate.
  7541 | D:6      | Found a runed translucent gate.
  7541 | D:6      | Noticed warriortoast's ghost (novice DECj)
  7773 | D:6      | Found a shadowy altar of Dithmenos.
  7862 | D:6      | Reached skill level 9 in Air Magic
  7992 | D:6      | Reached XP level 8. HP: 41/41 MP: 8/15
  8058 | D:6      | Found a glowing silver altar of Zin.
  8213 | D:6      | Found a sacrificial altar of Ru.
  8215 | D:6      | Reached * piety under Vehumet
  8215 | D:6      | Offered knowledge of Foxfire by Vehumet.
  8949 | D:7      | Found a sparkling altar of Nemelex Xobeh.
  9006 | D:7      | Reached skill level 10 in Air Magic
  9216 | D:7      | Reached skill level 5 in Spellcasting
  9741 | D:7      | Reached skill level 11 in Air Magic
  9741 | D:7      | Reached XP level 9. HP: 45/45 MP: 8/18
  9881 | D:7      | Found an ancient bone altar of Kikubaaqudgha.
  9990 | D:7      | Found a shimmering altar of Xom.
 10252 | D:7      | Found a burning altar of Makhleb.
 10686 | D:8      | Reached skill level 12 in Air Magic
 11072 | D:8      | Offered knowledge of Searing Ray by Vehumet.
 11171 | D:8      | Found a staircase to the Lair.
 11181 | D:8      | Reached skill level 13 in Air Magic
 11186 | D:8      | Reached ** piety under Vehumet
 11512 | D:8      | Reached XP level 10. HP: 10/50 MP: 8/20
 12327 | Lair:1   | Entered Level 1 of the Lair of Beasts
 12327 | Lair:1   | Noticed an elephant
 12328 | Lair:1   | Noticed an elephant
 12328 | Lair:1   | Noticed an elephant
 12330 | Lair:1   | Noticed a black mamba
 12331 | Lair:1   | Noticed an elephant
 12332 | Lair:1   | Noticed an elephant
 12333 | Lair:1   | Noticed an elephant
 12336 | Lair:1   | Noticed a cane toad
 12338 | Lair:1   | HP: 2/50 [water moccasin (7)]
 12338 | Lair:1   | Mangled by an elephant

Illustrated notes

Levels and vault maps discovered:
D:1:      dpeg_arrival_fog, layout_loops_ring, roderic_lattice_a,
          minmay_hexomino_p4
D:2:      layout_basic, uniq_robin, uniq_terence
D:3:      layout_loops_ring, mainiacjoe_overflow_concentric_impassable,
          nicolae_ecumenical_lake_church, gup_sewer_entry_glass
D:4:      layout_gridville, fedhas_altar_4, mainiacjoe_overflow_24_doors,
          mainiacjoe_overflow_surrounded_room, dk_noncrumbling_3
D:5:      layout_basic, minmay_temple_entry_statues_fountains, moated_statue
D:6:      layout_loops_ring, lemuel_mausoleum_altar_yredelemnul,
          lemuel_doored_altar, mainiacjoe_overflow_boulevard,
          nicolae_ru_great_annihilating_truth, ebering_ghost_rock_garden
D:7:      layout_rooms, kiku_gazebo_pond_becter, amcnicky_altar_gilded,
          makhleb_grotto_becter, mainiacjoe_overflow_alcove_2
D:8:      layout_layer_cave, due_lair_maze_entry_diamond
Temple:   corrupted_temple
Lair:1:   layout_cave_pods, nicolae_quartered_pool_little, lemuel_old_faithful,
          uniq_urug

Skill      XL: |  1  2  3  4  5  6  7  8  9 |
---------------+----------------------------+-----
Conjurations   | 2 3 4 5 7 9 |  9.3
Air Magic      | 5 6 7 9 11 13 | 13.5
Spellcasting   | 3 4 5 6 |  6.7
Dodging        | |  2.1
Stealth        | |  2.0

Action                   |  1- 3 |  4- 6 |  7- 9 | 10-12 || total
-------------------------+-------+-------+-------+-------++-------
Melee: Unarmed           |     9 |       |       |       ||     9
       Kick              |     3 |     2 |       |    25 ||    30
       Peck              |     1 |       |       |    14 ||    15
       Dagger            |       |     1 |       |    35 ||    36
       Whip              |       |     3 |       |       ||     3
       Punch             |       |       |       |     2 ||     2
Throw: Dart              |       |     7 |     1 |     3 ||    11
 Cast: Shock             |    57 |    53 |    60 |     3 ||   173
       Static Discharge  |    16 |    53 |    55 |     5 ||   129
       Airstrike         |       |       |    53 |     5 ||    58
  Use: Scroll            |       |     5 |     9 |       ||    14
       Potion            |       |       |     1 |     1 ||     2
Armor: Robe              |       |     5 |     2 |       ||     7
Dodge: Dodged            |    21 |    24 |    38 |     7 ||    90
